Unix NetHack Version 3.7.0-82 Work-in-progress - last build Apr 17 2023 03:07:26 (e853d47aa369caa3f400cfc56ad4c4ae4a18b75a,branch:master). Game began 2023-04-20 19:29:47, ended 2023-04-20 19:50:49. tromix, neutral female gnomish Ranger *# h -. #G |....--- --- G ....@.|--------------|.-- ....|?[m|..|...|...|..|---- G...|/%@|..|...|...|..|...| @ -----..|...|..|-|---|--......| G h |((.|..--|---|-..............--- @ |m(.-.............-----........| d |(@ |......--+-...|...|........| -+------..{@..| |...-...|........-- @m |......h......| p|...|...|.........| n --+-.....---|-------------.-.....--- |..-.-|............f..........| |. |. |----....---------.....>- - |. |%%@-....|......|........... |. |m%.|....s..a@@.|-.......--- -- -----....|...aaa| .--.....| @ G .......|---------- -....| --------- --.-- -- Tromix the Lookout St:15 Dx:12 Co:16 In:13 Wi:13 Ch:9 Neutral Dlvl:6 $:0 HP:0(38) Pw:17(17) AC:-3 Exp:5 T:2698 Blind Latest messages: The 1st crossbow bolt hits the bugbear. The 2nd crossbow bolt misses the bugbear. In what direction? 4 You shoot 3 crossbow bolts. The 1st crossbow bolt misses the bugbear. The 2nd crossbow bolt hits the bugbear! You kill the bugbear! The 3rd crossbow bolt misses the centipede. Pick an object. In what direction? 4 You shoot 3 crossbow bolts. The 1st crossbow bolt misses the centipede. The 2nd crossbow bolt misses the centipede. Your movements are now unencumbered. The 3rd crossbow bolt misses the centipede. In what direction? 4 The crossbow bolt misses the centipede. In what direction? 4 The crossbow bolt misses the centipede. In what direction? 4 The crossbow bolt misses the centipede. In what direction? 4 The crossbow bolt misses the centipede. In what direction? 4 The crossbow bolt misses the centipede. In what direction? 4 You shoot 2 crossbow bolts. The 1st crossbow bolt hits the priest of Mars! The priest of Mars gets angry! Mars roars in anger: "Thou shalt suffer!" The bolt of lightning hits you! You are blinded by the flash! The bolt of lightning hits the priest of Mars. Mars roars in anger: "Thou shalt suffer!" Your arm tingles. Your arm tingles. Your arm tingles. Angry guards are approaching! The 2nd crossbow bolt hits the priest of Mars! The priest of Mars kicks! The priest of Mars casts a spell! The priest of Mars summons insects! What do you want to zap? [z or ?*] z In what direction? 4 The giant ant misses! Your displaced image doesn't fool the priest of Mars! The priest of Mars hits! You die... Do you want your possessions identified? [ynq] (y) y Do you want to see your attributes? [ynq] (y) q Inventory: Weapons i - 8 +0 arrows c - 34 +2 crossbow bolts (in quiver pouch) d - 36 +0 crossbow bolts b - a +1 crossbow (weapon in hand) a - a +1 dagger (alternate weapon; not wielded) I - a +0 dagger P - a +0 elven dagger Armor A - an uncursed +0 dwarvish iron helm (being worn) B - an uncursed +0 pair of iron shoes (being worn) C - an uncursed +0 dwarvish roundshield (being worn) e - an uncursed burnt +2 cloak of displacement (being worn) l - an uncursed +0 chain mail (being worn) Comestibles f - 2 uncursed cram rations Scrolls D - a cursed scroll of blank paper J - a cursed scroll of gold detection G - an uncursed scroll of identify h - a cursed scroll of identify Spellbooks j - an uncursed spellbook of cone of cold Potions u - an uncursed potion of booze L - an uncursed potion of see invisible Wands z - a wand of polymorph (0:4) Gems/Stones M - 2 uncursed turquoise stones K - an uncursed worthless piece of green glass x - an uncursed worthless piece of orange glass m - 4 uncursed worthless pieces of red glass g - an uncursed worthless piece of violet glass N - an uncursed worthless piece of white glass s - a cursed worthless piece of yellow glass H - an uncursed worthless piece of yellowish brown glass Tromix the Ranger's attributes: Background: You were a Lookout, a level 5 female gnomish Ranger. You were neutral, on a mission for Venus who was opposed by Mercury (lawful) and Mars (chaotic). You were in the Gnomish Mines, on level 6. You entered the dungeon 2698 turns ago. There was a new moon in effect when your adventure ended. You had 224 experience points, 96 more were needed to attain level 6. Basics: You had 0 out of 38 hit points. You had all 17 energy points (spell power). Your armor class was -3. Your wallet was empty. Autopickup was off. Final Characteristics: Your strength was 15 (limit:18/50). Your dexterity was 12 (limit:18). Your constitution was 16 (limit:18). Your intelligence was 13 (limit:19). Your wisdom was 13 (limit:18). Your charisma was 9 (limit:18). Final Status: You were temporarily blind. You were not hungry. You were unencumbered. You were wielding a crossbow. You had basic skill with crossbow. Final Attributes: You were piously aligned. You were telepathic. You had automatic searching. You had infravision. You were displaced. You were warded. You are dead. Miscellaneous: You disabled loading of bones levels. Total elapsed playing time was 21 minutes and 1 second. Major events: Turn 1: tromix the neutral female gnomish Ranger entered the dungeon 428: entered the Gnomish Mines 873: attained the rank of Lookout (level 3) 2534: reached Mine Town 2698: killed by a priest of Mars Vanquished creatures: a leprechaun a bugbear an imp a rock piercer a rock mole a pony a shrieker a paper golem a floating eye 6 dwarves 3 rothes 2 giant bats 4 orc zombies 5 iguanas 2 acid blobs 4 coyotes a hobbit a large kobold 2 hobgoblins 4 giant rats 5 cave spiders 2 yellow molds a red mold 6 gnomes 5 geckos a jackal a kobold 2 goblins 3 sewer rats 2 grid bugs a bat 2 lichens 3 kobold zombies 4 newts 81 creatures vanquished. No species were genocided or became extinct. Voluntary challenges: You read items or engraved 2 times. You never engraved Elbereth. You never genocided any monsters. You never changed form. You used no wishes. Achievements: You entered the Gnomish Mines. You attained the rank of Lookout. You entered Minetown. You entered a shop. You entered a temple. The Dungeons of Doom: levels 1 to 2 Level 1: A sink. Level 2: An altar. Stairs down to The Gnomish Mines. The Gnomish Mines: levels 3 to 6 Level 3: Level 4: Level 5: Level 6: <- You were here. Some shops, a temple, a fountain. Final resting place for you, killed by a priest of Mars. Game over: ---------- / \ / REST \ / IN \ / PEACE \ / \ | tromix | | 0 Au | | killed by a | | priest of Mars | | | | | | 2023 | *| * * * | * _________)/\\_//(\/(/\)/\//\/|_)_______ Goodbye tromix the Ranger... You died in The Gnomish Mines on dungeon level 6 with 1146 points, and 0 pieces of gold, after 2698 moves. You were level 5 with a maximum of 38 hit points when you died.